 Dungeon Crawl Stone Soup version 0.11.0-9-gb634444 (webtiles) character file.

333 Greth the Insei (level 5, 0/39 HPs)
             Began as a Vampire Monk on Jan 12, 2013.
             Succumbed to a kobold's poison
             ... on Level 3 of the Dungeon.
             The game lasted 00:21:39 (3643 turns).

Greth the Insei (Vampire Monk)                      Turns: 3643, Time: 00:21:39

HP   0/39        AC  6     Str 10      XL: 5   Next:  5%
MP   5/5         EV  8     Int 12      God:
Gold 180         SH  0     Dex 17      Spells:  0 memorised,  4 levels left

Res.Fire  : . . .   See Invis. : +     - Unarmed
Res.Cold  : . . .   Warding    : .   j - +0 scale mail
Life Prot.: + . .   Conserve   : .   (no shield)
Res.Poison: .       Res.Corr.  : .   (no helmet)
Res.Elec. : .       Clarity    : .   (no cloak)
Sust.Abil.: . .     Spirit.Shd : .   (no gloves)
Res.Mut.  : .       Stasis     : .   (no boots)
Res.Rott. : .       Ctrl.Telep.: .   (no amulet)
Saprovore : . . .   Levitation : .   (no ring) Ctrl.Flight: .
                                     (no ring)

@: very poisoned, slightly resistant to hostile enchantments, fairly stealthy
A: fangs 3, see invisible, unbreathing
a: Bat Form


You were on level 3 of the Dungeon.
You were not thirsty.

You visited 1 branch of the dungeon, and saw 3 of its levels.

You collected 180 gold pieces.

Inventory:

Armour
 a - a +0 robe
 j - a +0 scale mail (worn)
Magical devices
 n - a wand of digging (10) {unknown}
Scrolls
 d - a scroll of enchant armour {unknown}
 f - 5 scrolls of identify {unknown}
 g - a scroll of noise {unknown}
 i - 3 scrolls of teleportation {unknown}
 k - 2 scrolls of fear {unknown}
 l - a scroll of magic mapping {unknown}
 p - a scroll of remove curse {unknown}
Potions
 b - a potion of restore abilities {unknown}
 c - 4 potions of heal wounds {unknown}
 e - 2 potions of agility {unknown}
 h - 2 potions of paralysis {unknown}
 m - a potion of levitation {unknown}
 o - a potion of poison {unknown}


   Skills:
 + Level 3.0 Fighting
 + Level 1.1 Armour
 + Level 4.2 Dodging
 * Level 4.0 Stealth
 * Level 1.2 Stabbing
 + Level 0.6 Traps & Doors
 + Level 5.4 Unarmed Combat


You had 4 spell levels left.
You didn't know any spells.

Dungeon Overview and Level Annotations

Branches:
Dungeon (3/27)

Altars:
Nemelex Xobeh


Innate Abilities, Weirdness & Mutations

You have razor-sharp teeth.*
You have supernaturally acute eyesight.
You can survive without breathing.*


Message History

You see here a bat corpse.
Drink blood from a bat corpse? (ye/n/q/i?) This warm blood tastes delicious!
You feel quite a bit less thirsty.
You stop draining the corpse.
All blood oozes out of the corpse!
You feel very sick.
You feel a little better.
You feel sick.
Things that are here:
an uncursed blowgun; 7 poisoned needles; a kobold corpse A dart shoots out and hits you!
* * * LOW HITPOINT WARNING * * *
You feel very sick.
There is a dart trap here.
You see here a dart.
A dart shoots out and hits you!
* * * LOW HITPOINT WARNING * * *
You feel very sick.
You feel a little better.
There is a dart trap here.
You die...

#.#
#########.
#...
..........
#..#
..........
#..#
########.
#?.# #. #..#
#. #..# #.
##..# ##
#..@#########
#.#^.........
#..^.########
####)# #.#
#(# #(# . #(#
#... .. #(#
#..# #


There were no monsters in sight!

Vanquished Creatures
  Jessica (D:3)
  7 adders
  2 worms (D:2)
  A giant gecko (D:2)
  An ooze (D:1)
  An orc (D:3)
  9 bats
  3 giant cockroaches
  8 goblins
  8 hobgoblins
  11 kobolds
  A ball python (D:1)
  3 giant newts
  6 rats
  A toadstool (D:1)
63 creatures vanquished.

Vanquished Creatures (others)
  3 toadstools
3 creatures vanquished.

Grand Total: 66 creatures vanquished

Notes
Turn   | Place    | Note
--------------------------------------------------------------
     0 | D:1      | Greth, the Vampire Monk, began the quest for the Orb.
     0 | D:1      | Reached XP level 1. HP: 16/16 MP: 1/1
   350 | D:1      | Reached XP level 2. HP: 22/22 MP: 2/2
  1508 | D:2      | Reached skill level 5 in Unarmed Combat
  1508 | D:2      | Reached XP level 3. HP: 24/28 MP: 3/3
  1949 | D:2      | Reached XP level 4. HP: 24/34 MP: 4/4
  1988 | D:2      | Reached skill level 1 in Armour
  3540 | D:3      | Found a sparkling altar of Nemelex Xobeh.
  3540 | D:3      | Noticed Jessica
  3546 | D:3      | Killed Jessica
  3546 | D:3      | Reached skill level 1 in Stabbing
  3546 | D:3      | Reached XP level 5. HP: 37/39 MP: 5/5
  3643 | D:3      | Succumbed to a kobold's poison
